 Dungeon Crawl Stone Soup version 0.30.0-7-g0c4daa9e05 (webtiles) character file.

Game seed: 5562409084172508672

22091 McKennaii the Destroyer (level 12, -3/81 HPs)
             Began as a Demigod Conjurer on May 13, 2023.
             Shot with an arrow by a centaur warrior (10 damage)
             ... while petrified by a catoblepas
             ... on level 13 of the Dungeon.
             The game lasted 00:27:16 (16127 turns).

McKennaii the Destroyer (Demigod Conjurer)         Turns: 16127, Time: 00:27:17

Health: -3/81      AC:  7    Str:  8    XL:     12   Next: 28%
Magic:  24/31      EV:  2    Int: 36    God:
Gold:   631        SH:  0    Dex: 12    Spells: 20/32 levels left

rFire   . . .        M - +10 falchion of World Downfall {freeze, rPois}
rCold   + . .        K - orb {*channel}
rNeg    + + +        I - +0 steam dragon scales
rPois   ∞            (no helmet)
rElec   .            L - +0 cloak
rCorr   .            (no gloves)
SInv    .            s - +0 pair of boots
Will    +....        (no amulet)
Stlth   ++           j - ring of wizardry
HPRegen 0.33/turn    B - ring of protection from cold
MPRegen 0.22/turn

%: wizardry (x1), channel magic (20%)
@: petrified
A: high MP 1, forlorn, divine attributes
a: no special abilities


You were on level 13 of the Dungeon.
You visited 1 branch of the dungeon, and saw 13 of its levels.

You collected 1531 gold pieces.
You spent 900 gold pieces at shops.

Inventory:

Hand Weapons
 M - the +10 falchion of World Downfall (weapon) {freeze, rPois}
   (You found it on level 10 of the Dungeon)

   rPois:     It protects you from poison.
Armour
 s - a +0 pair of boots (worn)
 I - +0 steam dragon scales (worn)
 K - an orb of energy (worn)
 L - a +0 cloak (worn)
Jewellery
 a - a ring of wizardry
 j - a ring of wizardry (left hand)
 B - a ring of protection from cold (right hand)
Wands
 v - a wand of paralysis (1)
 y - a wand of flame (25)
Scrolls
 d - 14 scrolls of identify {unknown}
 h - 3 scrolls of fear {unknown}
 k - 2 scrolls of amnesia {unknown}
 m - a scroll of brand weapon {unknown}
 n - a scroll of noise {unknown}
 o - a scroll of torment {unknown}
 r - 4 scrolls of magic mapping {unknown}
 u - a scroll of vulnerability {unknown}
 w - 5 scrolls of immolation
 z - 2 scrolls of silence {unknown}
 A - 3 scrolls of teleportation
 D - 2 scrolls of enchant weapon {unknown}
 E - a scroll of poison {unknown}
 J - a scroll of acquirement {unknown}
 N - a scroll of enchant armour {unknown}
 Q - 2 scrolls of blinking {unknown}
Potions
 b - a potion of magic
 c - 6 potions of heal wounds
 e - 4 potions of curing
 f - a potion of berserk rage {unknown}
 g - 3 potions of might {unknown}
 l - 5 potions of brilliance
 p - 3 potions of lignification
 q - 4 potions of invisibility {unknown}
 t - 3 potions of haste
 x - 3 potions of flight
 C - 2 potions of resistance {unknown}
 G - a potion of cancellation {unknown}
 H - a potion of attraction {unknown}
 O - 2 potions of mutation


   Skills:
 - Level 1.7 Dodging
 - Level 1.7 Stealth
 + Level 10.9 Spellcasting
 + Level 12.2 Conjurations
 + Level 10.8 Air Magic


You had 20 spell levels left.
You knew the following spells:

 Your Spells              Type           Power      Damage    Failure   Level
a - Magic Dart            Conj           100%       1d8       1%          1
b - Searing Ray           Conj           100%       2d8       1%          2
c - Iskenderun's Mystic   Conj/Tloc      59%        2d12      2%          4
d - Arcjolt               Conj/Air       40%        1d50      1%          5

Your spell library contained the following spells:

 Spells                   Type           Power      Damage    Failure   Level
 Momentum Strike          Conj/Tloc      100%       3d10      1%          2
 Dazzling Flash           Conj/Hex       100%       N/A       1%          3
 Hailstorm                Conj/Ice       59%        3d13      1%          3
 Vhi's Electric Charge    Tloc/Air       100%       N/A       1%          3
 Flame Wave               Conj/Fire      59%        2d14      2%          4
 Fulminant Prism          Conj/Hex       29%        3d13      2%          4
 Sticky Flame             Conj/Fire      59%        2d7       2%          4
 Freeze                   Ice            76%        1d8       3%          1
 Necrotise                Necr           76%        1d7       3%          1
 Blink                    Tloc           38%        N/A       4%          2
 Ensorcelled Hibernation  Hex/Ice        38%        N/A       4%          2
 Lesser Beckoning         Tloc           38%        N/A       4%          2
 Frozen Ramparts          Ice            38%        1d6       7%          3
 Inner Flame              Hex/Fire       19%        N/A       7%          3
 Spider Form              Tmut/Pois      19%        N/A       7%          3
 Vampiric Draining        Necr           19%        2d7       7%          3
 Anguish                  Hex/Necr       9%         N/A       19%         4
 Animate Dead             Necr           19%        N/A       19%         4
 Ice Form                 Ice/Tmut       19%        N/A       19%         4
 Summon Ice Beast         Ice/Summ       19%        N/A       19%         4
 Plasma Beam              Fire/Air       27%        2x1d44    26%         6
 Agony                    Necr           19%        N/A       38%         5
 Borgnjor's Vile Clutch   Necr/Erth      9%         N/A       38%         5
 Death Channel            Necr           9%         N/A       86%         6
 Simulacrum               Ice/Necr       9%         N/A       86%         6


Dungeon Overview and Level Annotations

Branches:
Dungeon (13/15)            Temple (0/1) D:4            Lair (0/5) D:10
    Orc (0/2) D:10         Vaults (0/5) D:13

Shops:
D:11 !*[

Portals:
Bazaar: D:11

Annotations:
D:13 Rupert


Innate Abilities, Weirdness & Mutations

You have an increased reservoir of magic. (+10% MP)
You shall have no god before yourself.
Your divine heritage dramatically boosts your attributes as you level up.


Message History

The searing ray hits the centaur warrior!
The centaur warrior is severely wounded.
The centaur warrior shoots an arrow.
The arrow hits you!
Unknown command.
Casting: Searing Ray (safe; 1% risk of failure)
Confirm with . or Enter, or press ? or * to list all spells.
You erupt in a blast of force!
The mystic blast hits the catoblepas.
The catoblepas is lightly wounded.
The mystic blast hits the centaur warrior!
The centaur warrior is almost dead.
The centaur warrior is knocked back by the mystic blast.
The centaur warrior slams into the rock wall!
The centaur warrior is almost dead.
Magical energy flows into your mind!
You hear a horrible gurgling sound!
Unknown command.
Casting: Iskenderun's Mystic Blast (dangerous; 2% risk of failure)
Confirm with . or Enter, or press ? or * to list all spells.
You erupt in a blast of force!
The mystic blast hits the catoblepas!
The catoblepas is lightly wounded.
The catoblepas is knocked back by the mystic blast.
The centaur warrior shoots an arrow.
The arrow closely misses you.
The centaur warrior shoots an arrow.
The arrow barely misses you.
The catoblepas breathes a plume of calcifying dust at you.
The blast of calcifying dust hits you.
You are engulfed in calcifying dust.
You are slowing down.
You are engulfed in calcifying dust.
Your limbs are stiffening.
Unknown command.
You have turned to stone.
The centaur warrior is no longer petrified.
The centaur warrior shoots an arrow.
The arrow hits you!
The centaur warrior shoots an arrow.
The arrow hits you!!
* * * LOW HITPOINT WARNING * * *
The centaur warrior shoots an arrow.
The arrow hits you!!
* * * LOW HITPOINT WARNING * * *
The centaur warrior shoots an arrow.
The arrow hits you!
* * * LOW HITPOINT WARNING * * *
The centaur warrior shoots an arrow.
The arrow hits you!!
You die...

#.####.##.##.#
#.# #.##.##.# #.#
#.##.##.# #.#
#.##.##.# #.#
#.##.##.# #.#
#.......# #.#
####.#..#
####.#..#
#.@..#..#
#########
#.####..#
......... #.#
#..# ........#
#.# #..#
o†..p...# #.#
#..# .†.†....#
#c# #..#
.><†....##c...uY#
.<@p....######...
........# c....


You could see a catoblepas, a brown ugly thing and a centaur warrior.

Vanquished Creatures
  Josephine (D:12)
  A hydra (D:12)
  2 centaur warriors (D:12)
  An ogre mage (D:12)
  3 two-headed ogres
  A boulder beetle (D:11)
  An anaconda (shapeshifter) (D:12)
  Nergalle (D:11)
  Lodul (D:11)
  A harpy (shapeshifter) (D:12)
  The ghost of Gandelf the Thaumaturge, a novice SpCj of Vehumet (D:8)
  A cyclops (D:12)
  A manticore (D:12)
  Maurice (D:9)
  An unseen horror (D:12)
  An ice statue (D:11)
  3 trolls
  A meliai (shapeshifter) (D:12)
  8 slime creatures (D:12)
  A shadow (D:10)
  4 wraiths (D:12)
  13 humans
  2 wyverns
  11 yaks
  A basilisk (D:12)
  3 steam dragons
  Menkaure (D:6)
  4 acid dragons
  Duvessa (D:5)
  2 water moccasins
  The ghost of ciphuk the Ruffian, an amateur TrMo (D:3)
  6 orc warriors
  A sky beast (D:7)
  A boggart (D:12)
  9 ogres
  A centaur (D:9)
  A kobold brigand (D:9)
  A bullfrog (D:7)
  4 scorpions
  A gnoll sergeant (D:9)
  3 wights (D:8)
  Dowan (D:5)
  A water moccasin skeleton (D:3)
  13 killer bees
  2 howler monkeys (D:8)
  3 hounds
  A jelly (D:4)
  13 orc priests
  A gnoll bouda (D:7)
  2 bullfrog skeletons (D:3)
  A sleepcap (D:4)
  3 iguanas
  Ijyb (D:3)
  Natasha (thrice) (D:3)
  14 orc wizards
  Terence (D:3)
  A howler monkey skeleton (D:3)
  10 adders
  11 gnolls
  2 shadow imps
  A white imp (D:8)
  An ufetubus (D:6)
  2 dart slugs
  62 orcs
  4 ball pythons
  4 bats
  5 endoplasms
  3 giant cockroaches
  8 goblins
  8 hobgoblins
  8 kobolds
  3 quokkas
  5 frilled lizards
  2 rats (D:3)
303 creatures vanquished.

Vanquished Creatures (others)
  A human (D:13)
  An orc wizard (D:5)
  An orc (D:7)
  A quokka (D:7)
4 creatures vanquished.

Grand Total: 307 creatures vanquished

Notes
Turn   | Place    | Note
-------+----------+-------------------------------------------
     0 | D:1      | McKennaii the Demigod Conjurer began the quest for the Orb.
     0 | D:1      | Reached XP level 1. HP: 14/14 MP: 5/5
   593 | D:1      | Reached XP level 2. HP: 20/20 MP: 4/7
   972 | D:2      | Reached skill level 4 in Conjurations
  1190 | D:1      | Reached XP level 3. HP: 26/26 MP: 0/9
  1193 | D:1      | Learned a level 2 spell: Searing Ray
  2054 | D:3      | Noticed Natasha
  2067 | D:3      | Killed Natasha
  2068 | D:3      | Reached XP level 4. HP: 22/33 MP: 4/11
  2084 | D:3      | Noticed Natasha
  2091 | D:3      | Killed Natasha
  2333 | D:3      | Found a transporter.
  2336 | D:3      | Noticed ciphuk's ghost (amateur TrMo)
  2384 | D:3      | Learned a level 4 spell: Iskenderun's Mystic Blast
  2421 | D:3      | Noticed Terence
  2646 | D:3      | Noticed Ijyb
  2649 | D:3      | Paralysed by Ijyb for 4 turns
  2659 | D:3      | Killed Ijyb
  2660 | D:3      | Reached skill level 5 in Conjurations
  2660 | D:3      | Reached XP level 5. HP: 33/38 MP: 1/13
  2779 | D:3      | Killed Terence
  3025 | D:3      | Found a transporter.
  3116 | D:4      | Found a staircase to the Ecumenical Temple.
  3316 | D:4      | Reached XP level 6. HP: 28/45 MP: 5/15
  3426 | D:4      | Learned a level 5 spell: Arcjolt
  3866 | D:4      | Reached skill level 1 in Air Magic
  4241 | D:5      | Entered Level 5 of the Dungeon
  4241 | D:5      | Noticed Duvessa
  4242 | D:5      | Noticed Dowan
  4342 | D:5      | Reached skill level 6 in Conjurations
  4346 | D:5      | Reached XP level 7. HP: 34/50 MP: 3/17
  4535 | D:5      | Killed Duvessa
  4573 | D:4      | Reached skill level 5 in Spellcasting
  4792 | D:5      | Killed Dowan
  5782 | D:6      | Noticed Menkaure
  5787 | D:6      | Killed Menkaure
  5788 | D:6      | Reached XP level 8. HP: 41/57 MP: 11/19
  5912 | D:6      | Reached skill level 7 in Conjurations
  6656 | D:7      | Reached skill level 5 in Air Magic
  7076 | D:7      | Reached skill level 8 in Conjurations
  7076 | D:7      | Reached XP level 9. HP: 18/62 MP: 12/22
  8267 | D:8      | Found a transporter.
  8275 | D:8      | Noticed Gandelf's ghost (novice SpCj)
  8276 | D:8      | Identified the +3 dire flail "Laulaudghah" {elec, Int+6}
  8276 | D:8      | Noticed a two-headed ogre
  8825 | D:3      | Noticed Natasha
  8827 | D:3      | Killed ciphuk's ghost
  8960 | D:3      | Killed Natasha
  9078 | D:9      | Reached skill level 9 in Conjurations
  9342 | D:9      | Reached XP level 10. HP: 43/69 MP: 8/26
  9712 | D:9      | Noticed Maurice
  9813 | D:9      | Killed Maurice
 10501 | D:10     | Entered Level 10 of the Dungeon
 10501 | D:10     | Found a staircase to the Lair.
 10561 | D:10     | Found a staircase to the Orcish Mines.
 11061 | D:10     | Identified the +10 falchion of World Downfall {freeze,
                  | rPois}
 11101 | D:10     | Noticed a two-headed ogre
 11107 | D:10     | Killed a two-headed ogre
 11108 | D:10     | Reached skill level 10 in Conjurations
 11569 | D:8      | Found a transporter.
 11579 | D:8      | Killed a two-headed ogre
 11580 | D:8      | Killed Gandelf's ghost
 11818 | D:11     | Found Micwi's Distillery.
 11825 | D:11     | Bought a potion of heal wounds for 90 gold pieces
 11825 | D:11     | Bought a potion of heal wounds for 90 gold pieces
 11825 | D:11     | Bought a potion of heal wounds for 90 gold pieces
 11825 | D:11     | Bought a potion of degeneration for 18 gold pieces
 11838 | D:11     | Bought a potion of mutation for 144 gold pieces
 11838 | D:11     | Bought a potion of mutation for 144 gold pieces
 11838 | D:11     | Bought a potion of ambrosia for 144 gold pieces
 11838 | D:11     | Bought a potion of flight for 54 gold pieces
 11838 | D:11     | Bought a potion of brilliance for 72 gold pieces
 11838 | D:11     | Bought a potion of lignification for 54 gold pieces
 12180 | D:11     | Noticed Lodul
 12212 | D:11     | Reached XP level 11. HP: 61/74 MP: 11/28
 12300 | D:11     | Noticed a boulder beetle
 12360 | D:11     | Found a gateway to a bazaar.
 12479 | D:11     | Noticed Nergalle
 12500 | D:11     | Killed Nergalle
 12834 | D:11     | Killed a boulder beetle
 13298 | D:11     | Found Hustogay's General Store.
 13390 | D:11     | Found Reaff's Antique Armour Shoppe.
 13603 | D:11     | Killed Lodul
 13808 | D:12     | Noticed Josephine
 13980 | D:12     | Noticed a centaur warrior
 13988 | D:12     | Killed a centaur warrior
 13989 | D:12     | Reached skill level 11 in Conjurations
 14009 | D:12     | Killed Josephine
 14293 | D:12     | Reached skill level 10 in Spellcasting
 14293 | D:12     | Noticed a two-headed ogre
 14305 | D:12     | Killed a two-headed ogre
 14658 | D:12     | Noticed a glowing orange brain
 14697 | D:12     | Noticed a steelbarb worm
 14706 | D:12     | Noticed an ice dragon
 14857 | D:12     | Noticed a bunyip
 14864 | D:12     | a bunyip changed into an anaconda
 14864 | D:12     | Noticed an anaconda (shapeshifter)
 14870 | D:12     | Killed an anaconda
 14871 | D:12     | Reached skill level 10 in Air Magic
 15019 | D:12     | Noticed an ogre mage
 15024 | D:12     | Paralysed by something for 3 turns
 15028 | D:12     | Killed an ogre mage
 15127 | D:12     | Identified the +1 plate armour of Siggihic {Harm rN++
                  | Will-}
 15157 | D:12     | Noticed a harpy
 15161 | D:12     | Killed a harpy
 15162 | D:12     | Reached XP level 12. HP: 81/81 MP: 21/31
 15273 | D:12     | Noticed an eight-headed hydra
 15273 | D:12     | Noticed a centaur warrior
 15280 | D:12     | Killed a centaur warrior
 15281 | D:12     | Killed an eight-headed hydra
 15602 | D:12     | Reached skill level 12 in Conjurations
 15867 | D:13     | Noticed Rupert
 15867 | D:13     | Noticed a centaur warrior
 15867 | D:13     | Found a gate to the Vaults.
 15868 | D:13     | Paralysed by Rupert for 2 turns
 15875 | D:13     | Noticed an eight-headed hydra
 15877 | D:13     | Noticed a centaur warrior
 16110 | D:13     | Noticed a catoblepas
 16127 | D:13     | Shot with an arrow by a centaur warrior

Illustrated notes

Levels and vault maps discovered:
D:1:      roderic_chinese_lattice_arrival, layout_loops_ring
D:2:      layout_rooms, minmay_misc_feat_room, minmay_tetromino_i2
D:3:      layout_loops_ring, minitemple, gammafunk_ghost_mausoleum,
          minmay_misc_feat_x, minmay_gold_behind_fungi,
          minmay_increasing_density, uniq_terence, uniq_ijyb, uniq_natasha
D:4:      minmay_wonky_spiral, layout_rooms, grunt_dithmenos_smoke_and_mirrors,
          minmay_temple_entry_slanted
D:5:      layout_rooms, nicolae_titane, uniq_duvessa
D:6:      layout_basic, old_standard_altar, mainiacjoe_overflow_brackets,
          uniq_menkaure
D:7:      layout_basic, elyvilon_altar_4
D:8:      layout_rooms, gammafunk_ghost_smash
D:9:      layout_roguey, mainiacjoe_overflow_alcove_1, uniq_maurice
D:10:     layout_roguey, kennysheep_mini, nicolae_overflow_crystal_walls,
          hiddenorc2_lemuel
D:11:     layout_grid_maze, serial_shops, statue_bzr, nicolae_shop_statue_plus,
          nicolae_shop_advertising_works [nicolae_subvault_shop_adworks],
          nicolae_shop_back_alley_shop, uniq_nergalle, uniq_lodul
D:12:     minmay_tri_box, layout_irregular_city, uniq_josephine
D:13:     layout_loops_ring, david_vaults_3, serial_shops, shop

Skill      XL: |  1  2  3  4  5  6  7  8  9 10 11 12 |
---------------+-------------------------------------+-----
Spellcasting   | 2 3 4 5 6 7 9 10 | 10.9
Conjurations   | 4 5 6 8 9 10 11 12 | 12.2
Air Magic      | 1 3 5 7 8 10 | 10.8
Dodging        | |  1.7
Stealth        | |  1.7

Action                     |  1- 3 |  4- 6 |  7- 9 | 10-12 || total
---------------------------+-------+-------+-------+-------++-------
  Melee: Unarmed           |    14 |     1 |     2 |       ||    17
         Falchion          |       |       |       |    33 ||    33
   Cast: Magic Dart        |    83 |    67 |   108 |    65 ||   323
         Searing Ray       |     1 |    21 |    62 |    88 ||   172
         Iskenderun's Myst |       |     1 |    27 |   129 ||   157
         Arcjolt           |       |       |       |     1 ||     1
  Evoke: Wand              |       |       |     1 |    22 ||    23
    Use: Potion            |       |       |     1 |     4 ||     5
         Scroll            |       |       |       |     5 ||     5
   Stab: Paralysed         |       |       |       |     4 ||     4
         Invisible         |       |       |       |     1 ||     1
 Armour: Robe              |     3 |     7 |    19 |       ||    29
         Steam dragon scal |       |       |       |    44 ||    44
  Dodge: Dodged            |    25 |    16 |    65 |    66 ||   172
